NWL (28 & UNDER)
SAN DIEGO SMASHERS @ CULVER CITY EXTRAS
05/05/2026
 
TOP OF THE 1ST
San Diego Smashers batting - Pitching for Culver City Extras : RHP Juan Tapia
Pitching: RHP Juan Tapia
Batting: RHB António López 0-0: Ball
1-0: Called Strike
1-1: Ball
2-1: Foul Ball, location: 2F
2-2: Foul Ball, location: 2F
2-2: Fly out, F6 (Popup, 6D)
Batting: LHB Karl Hill 0-0: Ball
1-0: Foul Ball, location: 2F
1-1: DOUBLE (Groundball, 5L)
Batting: RHB Alfredo López 0-0: Ball
1-0: Swinging Strike
1-1: Ground out 1-3 (Groundball, 23)
Karl Hill to third
Batting: RHB Phil White 0-0: Ball
1-0: Foul Ball, location: 2F
1-1: Ball
2-1: Swinging Strike
2-2: Foul Ball, location: 2F
2-2: Ground out 5-3 (Groundball, 5)
Top of the 1st over - 0 run(s), 1 hit(s), 0 error(s), 1 left on base; San Diego 0 - Culver City 0
BOTTOM OF THE 1ST
Culver City Extras batting - Pitching for San Diego Smashers : RHP Doug Singleton
Pitching: RHP Doug Singleton
Batting: RHB Víctor Arredondo 0-0: Ball
1-0: Ball
2-0: Fly out, F3 (Popup, 3F)
Batting: LHB Nick English 0-0: Called Strike
0-1: Ball
1-1: Ball
2-1: Swinging Strike
2-2: Ball
3-2: Base on Balls
Batting: LHB Tanyu Imai 0-0: Called Strike
0-1: Called Strike
0-2: Ball
Nick English is caught stealing 2nd base
1-2: Ball
2-2: Foul Ball, location: 2F
2-2: Ball
3-2: SOLO HOME RUN (Line Drive, 9D), Distance : 404 ft
Batting: RHB Horace Johnson 0-0: Swinging Strike
0-1: Swinging Strike
0-2: Ball
1-2: Strikes out swinging
Bottom of the 1st over - 1 run(s), 1 hit(s), 0 error(s), 0 left on base; San Diego 0 - Culver City 1
TOP OF THE 2ND
San Diego Smashers batting - Pitching for Culver City Extras : RHP Juan Tapia
Batting: RHB Marty Hendrickson 0-0: Called Strike
0-1: Foul Ball, location: 2F
0-2: Ground out 4-3 (Groundball, 4)
Batting: RHB Gilberto Guzmán 0-0: Ball
1-0: Ball
2-0: Ball
3-0: Called Strike
3-1: Called Strike
3-2: Base on Balls
Batting: LHB Francisco Medina 0-0: Called Strike
0-1: Called Strike
0-2: Ball
1-2: DOUBLE (Flyball, 8RXD)
Gilberto Guzmán to third
Runner from 3rd tries for Home, throw and OUT!
Runner from 2nd tries for 3rd, throw and SAFE!
Batting: RHB Bonifacio Torres 0-0: Ball
1-0: Ball
2-0: DOUBLE (Flyball, 7LM)
Francisco Medina scores
Batting: RHB Ryan Cates 0-0: Ball
1-0: Ball
2-0: Called Strike
2-1: Called Strike
2-2: SINGLE (Line Drive, 6MD)
Bonifacio Torres to third
Batting: RHB António López 0-0: Called Strike
0-1: Ball
1-1: Foul Ball, location: 2F
1-2: Strikes out swinging
Top of the 2nd over - 1 run(s), 3 hit(s), 0 error(s), 2 left on base; San Diego 1 - Culver City 1
BOTTOM OF THE 2ND
Culver City Extras batting - Pitching for San Diego Smashers : RHP Doug Singleton
Batting: RHB Max Alexander 0-0: Called Strike
0-1: Swinging Strike
0-2: Ball
1-2: Strikes out swinging
Batting: LHB Richard Bell 0-0: Called Strike
0-1: Ball
1-1: Called Strike
1-2: Fly out, F4 (Popup, 34D)
Batting: RHB Lorne Witcher 0-0: Ball
1-0: Called Strike
1-1: Ball
2-1: Called Strike
2-2: Ball
3-2: Base on Balls
Batting: RHB Bob Magee 0-0: Called Strike
0-1: Ball
1-1: Fly out, F9 (Flyball, 9M)
Bottom of the 2nd over - 0 run(s), 0 hit(s), 0 error(s), 1 left on base; San Diego 1 - Culver City 1
TOP OF THE 3RD
San Diego Smashers batting - Pitching for Culver City Extras : RHP Juan Tapia
Batting: LHB Karl Hill 0-0: Called Strike
0-1: Foul Ball, location: 2F
0-2: Strikes out swinging
Batting: RHB Alfredo López 0-0: Called Strike
0-1: Foul Ball, location: 2F
0-2: Ball
1-2: Foul Ball, location: 2F
1-2: Strikes out swinging
Batting: RHB Phil White 0-0: Called Strike
0-1: Ball
1-1: Ball
2-1: Called Strike
2-2: Strikes out swinging
Top of the 3rd over - 0 run(s), 0 hit(s), 0 error(s), 0 left on base; San Diego 1 - Culver City 1
BOTTOM OF THE 3RD
Culver City Extras batting - Pitching for San Diego Smashers : RHP Doug Singleton
Batting: SHB Lawrence Steward 0-0: Ball
1-0: Called Strike
1-1: Ball
2-1: Fly out, F9 (Flyball, 9M)
Batting: RHB Víctor Arredondo 0-0: Fly out, F8 (Flyball, 78M)
Batting: LHB Nick English 0-0: Ground out 1-3 (Groundball, 13S)
Bottom of the 3rd over - 0 run(s), 0 hit(s), 0 error(s), 0 left on base; San Diego 1 - Culver City 1
TOP OF THE 4TH
San Diego Smashers batting - Pitching for Culver City Extras : RHP Juan Tapia
Batting: RHB Marty Hendrickson 0-0: Swinging Strike
0-1: Ball
1-1: Ball
2-1: Called Strike
2-2: Foul Ball, location: 2F
2-2: Ball
3-2: Fly out, F9 (Flyball, 8RXD)
Batting: RHB Gilberto Guzmán 0-0: Foul Ball, location: 2F
0-1: Ball
1-1: Swinging Strike
1-2: Ground out 4-3 (Groundball, 4M)
Batting: LHB Francisco Medina 0-0: Called Strike
0-1: DOUBLE (Groundball, 3L)
Batting: RHB Bonifacio Torres 0-0: Ball
1-0: Swinging Strike
1-1: Foul Ball, location: 2F
1-2: DOUBLE (Flyball, 89D)
Francisco Medina scores
Batting: RHB Ryan Cates 0-0: Ball
1-0: Ball
2-0: Called Strike
2-1: Ground out 4-3 (Groundball, 4M)
Top of the 4th over - 1 run(s), 2 hit(s), 0 error(s), 1 left on base; San Diego 2 - Culver City 1
BOTTOM OF THE 4TH
Culver City Extras batting - Pitching for San Diego Smashers : RHP Doug Singleton
Batting: LHB Tanyu Imai 0-0: Called Strike
0-1: Ball
1-1: Ball
2-1: Ball
3-1: Foul Ball, location: 2F
3-2: SINGLE (Groundball, 56D)
Batting: RHB Horace Johnson 0-0: Called Strike
0-1: Ball
1-1: Ball
2-1: Fly out, F1 (Line Drive, 15S)
Batting: RHB Max Alexander 0-0: Ball
1-0: Foul Ball, location: 2F
1-1: Ball
2-1: Called Strike
2-2: Fly out, F9 (Line Drive, 89M)
Batting: LHB Richard Bell 0-0: Called Strike
0-1: Ball
1-1: Ball
2-1: Ground out 6-3 (Groundball, 6)
Bottom of the 4th over - 0 run(s), 1 hit(s), 0 error(s), 1 left on base; San Diego 2 - Culver City 1
TOP OF THE 5TH
San Diego Smashers batting - Pitching for Culver City Extras : RHP Juan Tapia
Batting: RHB António López 0-0: Ball
1-0: Ground out 5-3 (Groundball, 56S)
Batting: LHB Karl Hill 0-0: Ball
1-0: Foul Ball, location: 2F
1-1: Ball
2-1: Ball
3-1: Base on Balls
Batting: RHB Alfredo López 0-0: Ball
1-0: Called Strike
1-1: Fly out, F7 (Flyball, 78D)
Batting: RHB Phil White 0-0: Foul Ball, location: 2F
0-1: Called Strike
0-2: Ball
1-2: Ball
2-2: Ball
3-2: Strikes out swinging
Top of the 5th over - 0 run(s), 0 hit(s), 0 error(s), 1 left on base; San Diego 2 - Culver City 1
BOTTOM OF THE 5TH
Culver City Extras batting - Pitching for San Diego Smashers : RHP Doug Singleton
Batting: RHB Lorne Witcher 0-0: SINGLE (Line Drive, 8RS)
Batting: RHB Bob Magee 0-0: Foul Ball, location: 2F
0-1: DOUBLE (Line Drive, 5L)
Lorne Witcher to third
Batting: SHB Lawrence Steward 0-0: Ball
1-0: Foul Ball, location: 2F
1-1: SINGLE (Groundball, 56D) (infield hit)
Lorne Witcher scores
Bob Magee to third
Batting: RHB Víctor Arredondo 0-0: Ball
1-0: Ball
2-0: Ball
3-0: Called Strike
3-1: 3-RUN HOME RUN (Flyball, 78XD), Distance : 397 ft
Batting: LHB Nick English 0-0: Foul Ball, location: 2F
0-1: Ball
1-1: Fly out, F9 (Line Drive, 9D)
Batting: LHB Tanyu Imai 0-0: Called Strike
0-1: Foul Ball, location: 2F
0-2: Ball
1-2: Foul Ball, location: 2F
1-2: SOLO HOME RUN (Flyball, 89XD), Distance : 427 ft
Pitching: LHP Don Sutherland
Batting: RHB Horace Johnson 0-0: Ball
1-0: Swinging Strike
1-1: Ball
2-1: Foul Ball, location: 2F
2-2: Ball
3-2: Foul Ball, location: 2F
3-2: Base on Balls
Batting: RHB Max Alexander 0-0: Foul Ball, location: 2F
0-1: Ball
1-1: Foul Ball, location: 2F
1-2: Ball
2-2: Ball
3-2: Fly out, F4 (Popup, 4)
Batting: LHB Richard Bell 0-0: Called Strike
0-1: Ball
1-1: Ground out 6-3 (Groundball, 6)
Bottom of the 5th over - 5 run(s), 5 hit(s), 0 error(s), 1 left on base; San Diego 2 - Culver City 6
TOP OF THE 6TH
San Diego Smashers batting - Pitching for Culver City Extras : RHP Juan Tapia
Batting: RHB Marty Hendrickson 0-0: Ball
1-0: Ball
2-0: Ball
3-0: Base on Balls
Pitching: RHP Mark Greene
Batting: RHB Gilberto Guzmán 0-0: Ball
1-0: Ball
Marty Hendrickson is caught stealing 2nd base
2-0: Fly out, F9 (Flyball, 9M)
Batting: LHB Francisco Medina 0-0: Called Strike
0-1: Ground out 4-3 (Groundball, 13)
Top of the 6th over - 0 run(s), 0 hit(s), 0 error(s), 0 left on base; San Diego 2 - Culver City 6
BOTTOM OF THE 6TH
Culver City Extras batting - Pitching for San Diego Smashers : LHP Don Sutherland
Batting: RHB Lorne Witcher 0-0: Ground out 6-3 (Groundball, 6M)
Batting: RHB Bob Magee 0-0: DOUBLE (Line Drive, 8RS)
Batting: SHB Lawrence Steward 0-0: Ball
Wild Pitch!
Bob Magee to third
1-0: Foul Ball, location: 2F
1-1: Ball
2-1: Foul Ball, location: 2F
2-2: Ball
3-2: DOUBLE (Line Drive, 7LM)
Bob Magee scores
Batting: RHB Víctor Arredondo 0-0: Ball
1-0: Ball
2-0: Called Strike
2-1: Ground out 6-3 (Groundball, 6)
Lawrence Steward to third
Batting: LHB Nick English 0-0: Ball
1-0: Called Strike
1-1: DOUBLE (Flyball, 7LD)
Lawrence Steward scores
Batting: LHB Tanyu Imai 0-0: Called Strike
0-1: Foul Ball, location: 2F
0-2: Ball
1-2: Foul Ball, location: 2F
1-2: Foul Ball, location: 2F
1-2: Strikes out swinging
Bottom of the 6th over - 2 run(s), 3 hit(s), 0 error(s), 1 left on base; San Diego 2 - Culver City 8
TOP OF THE 7TH
San Diego Smashers batting - Pitching for Culver City Extras : RHP Mark Greene
Batting: RHB Bonifacio Torres 0-0: Ground out 4-3 (Groundball, 34)
Batting: RHB Ryan Cates 0-0: Swinging Strike
0-1: Foul Ball, location: 2F
0-2: Foul Ball, location: 2F
0-2: Fly out, F8 (Flyball, 8RM)
Batting: RHB António López 0-0: Called Strike
0-1: Ground out 1-3 (Groundball, 15)
Top of the 7th over - 0 run(s), 0 hit(s), 0 error(s), 0 left on base; San Diego 2 - Culver City 8
BOTTOM OF THE 7TH
Culver City Extras batting - Pitching for San Diego Smashers : LHP Don Sutherland
Batting: RHB Horace Johnson 0-0: Fly out, F7 (Flyball, 78M)
Pitching: RHP Bill Elliott
Batting: RHB Max Alexander 0-0: Foul Ball, location: 2F
0-1: Swinging Strike
0-2: Ball
1-2: Foul Ball, location: 2F
1-2: Ball
2-2: Ball
3-2: Foul Ball, location: 2F
3-2: Foul Ball, location: 2F
3-2: Base on Balls
Batting: LHB Richard Bell 0-0: Foul Ball, location: 2F
0-1: Ball
1-1: Called Strike
1-2: Ball
2-2: Foul Ball, location: 2F
2-2: Foul Ball, location: 2F
2-2: Strikes out swinging
Batting: RHB Lorne Witcher 0-0: Ground out 4-3 (Groundball, 4)
Bottom of the 7th over - 0 run(s), 0 hit(s), 0 error(s), 1 left on base; San Diego 2 - Culver City 8
TOP OF THE 8TH
San Diego Smashers batting - Pitching for Culver City Extras : RHP Mark Greene
Pitching: RHP Von Hicks
Now at 1B: Ben Alexander
Batting: LHB Karl Hill 0-0: Ball
1-0: Ball
2-0: Foul Ball, location: 2F
2-1: SINGLE (Groundball, 5D)
Batting: RHB Alfredo López 0-0: Hit by Pitch
Karl Hill to second
Batting: RHB Phil White 0-0: Ball
1-0: Fly out, F7 (Flyball, 7M)
Batting: RHB Marty Hendrickson 0-0: Ball
1-0: Ball
2-0: Ground out 5-3 (Groundball, 5S)
Karl Hill to third
Alfredo López to second
Batting: RHB Gilberto Guzmán 0-0: Ground out 5-3 (Groundball, 5)
Top of the 8th over - 0 run(s), 1 hit(s), 0 error(s), 2 left on base; San Diego 2 - Culver City 8
BOTTOM OF THE 8TH
Culver City Extras batting - Pitching for San Diego Smashers : RHP Bill Elliott
Batting: RHB Bob Magee 0-0: Ground out 4-3 (Groundball, 4M)
Batting: SHB Lawrence Steward 0-0: Swinging Strike
0-1: Swinging Strike
0-2: Ball
1-2: Ball
2-2: Ball
3-2: Strikes out looking
Batting: RHB Víctor Arredondo 0-0: Swinging Strike
0-1: Ball
1-1: Foul Ball, location: 2F
1-2: Ball
2-2: Ball
3-2: Foul Ball, location: 2F
3-2: Base on Balls
Batting: LHB Nick English 0-0: Called Strike
0-1: Ball
1-1: Foul Ball, location: 2F
1-2: Ball
2-2: Ground out 4-3 (Groundball, 4)
Bottom of the 8th over - 0 run(s), 0 hit(s), 0 error(s), 1 left on base; San Diego 2 - Culver City 8
TOP OF THE 9TH
San Diego Smashers batting - Pitching for Culver City Extras : RHP Von Hicks
Now at 2B: Brian Ford
Batting: LHB Francisco Medina 0-0: Ball
1-0: Ball
2-0: Called Strike
2-1: Ground out 3-1 (Groundball, 34)
Batting: RHB Bonifacio Torres 0-0: Ball
1-0: SINGLE (Groundball, 4MD)
Batting: RHB Ryan Cates 0-0: Ball
1-0: Called Strike
1-1: Swinging Strike
1-2: Fielders Choice at 2nd, 6-4 (Groundball, 56)
Batting: RHB António López 0-0: Swinging Strike
0-1: Fielders Choice at 2nd, U6 (Groundball, 6M)
Top of the 9th over - 0 run(s), 1 hit(s), 0 error(s), 1 left on base; San Diego 2 - Culver City 8
Monday, December 5th, 2016 - OOTP Baseball 17.12 Build 75